Map: Lerilak Crest

Players

Geoffrey

  • Race: Terran Terran
  • League: Grandmaster

矛盾螺旋

  • Race: Terran Terran
  • League: Platinum

Tuffy

  • Race: Zerg Zerg
  • League: Platinum

ShuYi

  • Race: Zerg Zerg
  • League: Bronze

VOD

Have the link to the VOD?

Description

Time

  • Played on: Oct. 17, 2015, 2:34 p.m.
  • Length: 18:04
Show
View Real Time Build Order
Export as new Build Order

Geoffrey Terran 

Build Orders:  

Get SALT Encoding   

  12  0:01  SCV  
  13  0:13  SCV  
  14  0:18  Supply Depot  
  14  0:25  SCV  
  15  0:41  Barracks  
  15  0:43  Refinery  
  15  0:44  SCV  
  16  0:56  SCV  
  17  1:08  SCV  
  18  1:21  SCV  
  19  1:35  Orbital Command  
  19  1:37  Reaper  
  19  1:38  Supply Depot  
  20  1:42  Barracks  
  20  1:56  Refinery  
  20  2:01  SCV  
  21  2:09  Reaper  
  22  2:17  SCV  
  23  2:27  Command Center  
  23  2:29  SCV  
  24  2:33  Reaper  
  25  2:40  Factory  
  25  2:58  SCV  
  25  3:00  Barracks Tech Lab  
  26  3:15  SCV  
  27  3:25  Starport  
  27  3:27  Factory Tech Lab  
  27  3:28  SCV  
  28  3:34  Marine  
  28  3:40  Orbital Command, Marine  
  30  3:43  SCV  
  31  3:57  Marine  
  30  4:03  Factory Reactor  
  30  4:06  SCV  
  30  4:07  SCV  
  33  4:10  Marauder  
  33  4:18  Supply Depot  
  33  4:19  Bunker  
  33  4:24  Banshee, SCV  
  33  4:26  Cloaking Field  
  33  4:29  Marine  
  38  4:32  Marine  
  38  4:34  SCV  
  41  4:38  SCV  
  41  4:41  Supply Depot  
  41  4:45  Hellion x2  
  45  4:46  SCV  
  46  4:54  Marauder, Marine  
  46  4:55  SCV  
  50  5:04  Stimpack  
  50  5:07  Banshee  
  53  5:16  SCV  
  53  5:18  Command Center  
  53  5:19  Orbital Command  
  53  5:21  Marauder, Marine  
  58  5:22  Hellion  
  59  5:55  Hellion  
  61  5:57  Supply Depot  
  61  5:58  SCV  
  62  6:11  Supply Depot  
  62  6:12  Engineering Bay  
  62  6:18  Banshee, SCV x2  
  62  6:19  Hellion  
  62  6:21  Refinery  
  69  6:31  SCV x2, Orbital Command  
  70  6:38  Marine x2  
  62  6:43  SCV  
  63  6:48  SCV  
  64  6:55  SCV  
  64  6:56  Marauder, Marine  
  64  6:59  SCV  
  64  7:00  SCV  
  70  7:02  Supply Depot  
  70  7:07  SCV  
  70  7:08  Banshee  
  71  7:10  Hellion x2  
  71  7:12  SCV  
  76  7:19  SCV  
  77  7:24  SCV  
  77  7:29  Sensor Tower  
  78  7:36  Starport  
  78  7:37  Factory  
  78  7:39  SCV x2  
  78  7:40  Armory  
  78  7:41  Marine  
  78  7:42  Hellion x2, Marauder  
  87  7:47  Orbital Command  
  87  7:50  Refinery  
  81  7:53  SCV x2  
  83  7:59  Marine  
  83  8:00  Missile Turret  
  83  8:02  Missile Turret  
  82  8:09  SCV x2  
  85  8:13  Starport Reactor  
  85  8:23  Factory Tech Lab  
  85  8:24  Barracks Tech Lab  
  85  8:25  SCV  
  86  8:27  SCV x2  
  88  8:38  SCV  
  88  8:39  Terran Vehicle Weapons Level 1  
  88  8:41  Medivac  
  88  8:43  Thor  
  88  8:45  Armory  
  94  8:51  Factory  
  94  8:52  SCV  
  94  8:53  SCV  
  96  8:56  Hellion x2  
  96  9:02  Refinery  
  100  9:04  SCV  
  100  9:05  Refinery  
  101  9:12  Missile Turret  
  101  9:16  Supply Depot  
  101  9:19  Fusion Core  
  101  9:24  SCV x3  
  100  9:29  Unknown  
  93  9:35  Missile Turret  
  93  9:36  SCV x2  
  91  9:44  Missile Turret  
  91  9:45  SCV  
  86  9:48  SCV  
  86  9:52  SCV  
  80  9:53  Liberator x2  
  80  9:54  Thor  
  80  9:56  Hellion x2  
  80  9:57  SCV  
  86  10:11  SCV x2  
  86  10:12  Factory  
  94  10:14  Barracks Tech Lab  
  94  10:17  Hellion  
  96  10:33  Supply Depot x2  
  96  10:35  Terran Vehicle Weapons Level 2  
  92  10:40  Terran Vehicle And Ship Armor Level 1  
  84  10:49  SCV x2  
  87  10:50  SCV  
  87  11:03  SCV x3  
  90  11:04  Thor  
  96  11:11  Liberator  
  96  11:12  Liberator  
  96  11:15  SCV x3  
  105  11:33  SCV x2  
  105  11:34  Supply Depot  
  107  11:40  SCV  
  108  11:51  Siege Tank  
  111  11:59  Barracks Tech Lab, Siege Tank  
  114  12:02  Supply Depot  
  114  12:04  SCV x3  
  114  12:08  Hellion x2  
  121  12:10  Command Center  
  121  12:12  Supply Depot  
  121  12:15  Thor  
  121  12:18  Missile Turret  
  121  12:19  SCV x2  
  129  12:26  Siege Tank  
  129  12:29  SCV, Supply Depot  
  133  12:31  SCV  
  133  12:34  Medivac x2  
  138  12:39  SCV  
  133  12:50  Siege Tank  
  113  12:52  Hellion x2  
  102  12:58  Terran Vehicle Weapons Level 3  
  102  13:00  SCV  
  103  13:08  Terran Vehicle And Ship Armor Level 2  
  88  13:26  SCV  
  83  13:27  Planetary Fortress  
  83  13:31  Siege Tank, Missile Turret  
  86  13:37  Liberator  
  86  13:38  Orbital Command  
  89  14:02  SCV x2  
  91  14:05  Orbital Command  
  91  14:13  Liberator x2  
  59  14:17  Command Center  
  65  14:33  Refinery  
  65  14:35  Refinery  
  65  14:37  SCV  
  65  14:38  SCV x3  
  69  14:44  Supply Depot  
  69  14:50  SCV  
  67  14:54  SCV x3  
  70  15:00  Thor  
  70  15:01  Liberator  
  76  15:13  Refinery  
  69  15:26  Liberator  
  60  15:35  Refinery  
  60  15:39  Supply Depot, Orbital Command  
  60  15:40  SCV x2  
  60  15:41  Supply Depot  
  49  16:06  SCV x3  
  52  16:19  SCV x2  
  44  16:27  SCV  
  44  16:31  SCV  
  47  16:33  Hellion x2  
  47  16:39  Liberator  
  51  16:49  Hellion  
  51  16:56  SCV x2  
  56  17:11  Orbital Command  
  49  17:21  SCV x2  
  49  17:38  SCV x2  
Show
View Real Time Build Order
Export as new Build Order

矛盾螺旋 Terran 

Build Orders:  

Get SALT Encoding   

  12  0:01  Drone  
  13  0:09  Drone  
  14  0:17  Overlord  
  14  0:36  Drone x3  
  17  0:47  Drone  
  18  1:02  Hatchery, Drone  
  18  1:10  Drone  
  19  1:18  Spawning Pool  
  19  1:21  Extractor  
  19  1:22  Drone  
  18  1:30  Drone  
  19  1:41  Drone  
  20  1:52  Overlord  
  20  2:03  Drone  
  21  2:10  Queen  
  21  2:14  Queen, Zergling x2  
  21  2:15  Zergling x2  
  27  2:24  Metabolic Boost  
  27  2:26  Drone x2  
  29  2:37  Overlord  
  29  2:38  Drone  
  30  2:48  Extractor  
  30  2:50  Queen  
  31  2:53  Drone x2  
  31  2:55  Queen  
  34  2:58  Zergling x2  
  34  3:00  Zergling x2  
  35  3:06  Spine Crawler  
  35  3:08  Zergling x2  
  35  3:24  Drone  
  35  3:25  Zergling x10  
  41  3:45  Drone  
  41  3:46  Drone x2  
  44  3:52  Overlord x2  
  44  3:57  Baneling Nest  
  44  4:02  Lair  
  42  4:05  Drone  
  43  4:12  Drone  
  43  4:13  Drone x2  
  43  4:16  Drone  
  47  4:20  Evolution Chamber, Drone  
  47  4:23  Drone  
  48  4:30  Spore Crawler, Drone  
  48  4:32  Drone  
  48  4:35  Drone  
  48  4:36  Drone  
  51  4:38  Drone  
  51  4:45  Spore Crawler  
  51  4:46  Drone  
  51  4:47  Drone  
  51  4:51  Zerg Melee Weapons Level 1  
  53  5:00  Evolution Chamber, Drone x3  
  53  5:03  Pneumatized Carapace  
  55  5:09  Centrifical Hooks  
  55  5:14  Drone x2  
  57  5:17  Extractor  
  57  5:19  Baneling x6  
  56  5:24  Infestation Pit  
  56  5:25  Drone  
  56  5:33  Zergling x2  
  56  5:34  Zergling x6  
  59  5:37  Zergling x2  
  59  5:42  Overseer  
  57  5:58  Spire  
  57  5:59  Drone x3  
  57  6:03  Extractor  
  57  6:05  Overseer  
  57  6:06  Spore Crawler  
  57  6:10  Drone x3  
  57  6:11  Drone x4  
  59  6:25  Hive  
  59  6:29  Overlord  
  58  6:35  Hatchery  
  56  6:41  Spore Crawler  
  56  6:44  Zerg Ground Armor Level 1  
  55  6:47  Zergling x4  
  57  6:57  Zergling x14  
  57  6:58  Zergling x4  
  66  7:05  Burrow  
  66  7:10  Mutalisk  
  66  7:12  Overlord x2  
  67  7:17  Baneling  
  67  7:18  Baneling x5  
  67  7:31  Hatchery, Mutalisk  
  67  7:37  Queen  
  68  7:42  Zerg Melee Weapons Level 2  
  68  7:43  Zergling x2  
  68  7:44  Zergling x4  
  68  7:54  Overlord x2  
  67  8:01  Mutalisk x2  
  69  8:06  Overlord  
  69  8:10  Mutalisk  
  71  8:18  Drone x5  
  76  8:36  Mutalisk x2  
  76  8:37  Hatchery  
  79  8:42  Baneling x4  
  79  8:43  Baneling x2  
  79  8:44  Zergling x2  
  80  8:54  Drone x3  
  83  8:58  Drone x2  
  83  8:59  Drone x2, Overlord  
  87  9:07  Zerg Ground Armor Level 2  
  87  9:13  Zergling x2  
  87  9:17  Zergling x8  
  82  9:51  Drone x3  
  82  9:52  Drone x6  
  87  9:54  Zergling x12  
  87  9:55  Zergling x6  
  94  10:03  Ultralisk Cavern  
  94  10:04  Pathogen Glands  
  94  10:06  Zerg Flyer Weapons Level 1  
  93  10:09  Drone x3  
  93  10:12  Extractor  
  93  10:13  Extractor  
  94  10:16  Zerg Melee Weapons Level 3  
  94  10:18  Zergling x12  
  100  10:25  Overlord x2  
  100  10:37  Zergling x2  
  100  10:38  Zergling x14  
  108  10:54  Ultralisk  
  114  11:01  Overlord x2  
  114  11:02  Ultralisk x2  
  126  11:06  Chitinous Plating  
  126  11:09  Zergling x2  
  126  11:10  Zergling x2  
  128  11:14  Overlord, Extractor  
  128  11:15  Overlord  
  128  11:17  Overlord  
  128  11:18  Overlord  
  127  11:27  Zerg Ground Armor Level 3  
  127  11:30  Drone  
  127  11:31  Drone  
  129  11:33  Drone x2  
  129  11:34  Drone  
  129  11:36  Drone  
  133  11:41  Baneling x4  
  133  11:42  Baneling x5  
  133  11:46  Drone x2  
  135  11:55  Ultralisk  
  135  12:00  Drone x3  
  144  12:06  Spore Crawler  
  143  12:10  Ultralisk  
  145  12:18  Ultralisk  
  151  12:24  Zergling x2  
  151  12:25  Baneling, Zergling x8  
  151  12:26  Extractor, Baneling x2  
  155  12:34  Ultralisk  
  140  12:54  Zergling x4  
  140  12:55  Ultralisk x2  
  140  12:57  Drone x5  
  157  13:08  Ultralisk  
  157  13:09  Mutalisk  
  157  13:10  Mutalisk  
  161  13:21  Ultralisk  
  161  13:22  Mutalisk  
  161  13:24  Zergling x4  
  165  13:42  Zergling x6  
  165  13:43  Mutalisk x3  
  165  13:45  Zergling x2  
  173  13:49  Hatchery  
  173  13:51  Zergling x6  
  175  13:57  Greater Spire  
  175  13:58  Overlord x3  
  146  14:29  Zergling x8  
  146  14:30  Zergling x46  
  173  14:40  Ultralisk  
  173  14:43  Infestor x2  
  183  14:48  Infestor x2  
  179  14:58  Ultralisk  
  179  14:59  Infestor  
  175  15:01  Infestor  
  177  15:09  Zergling x10  
  177  15:10  Zergling x2  
  181  15:16  Infestor x2  
  181  15:17  Infestor  
  177  15:27  Corruptor x2  
  181  15:29  Corruptor  
  176  15:36  Queen  
  176  15:38  Overlord  
  170  15:53  Extractor  
  170  15:55  Ultralisk x4, Corruptor x4  
  168  16:00  Extractor  
  156  16:05  Zergling x6  
  156  16:06  Zergling x14  
  156  16:07  Zergling x4  
  163  16:16  Ultralisk, Corruptor  
  171  16:20  Corruptor  
  173  16:25  Corruptor  
  175  16:34  Corruptor x2  
  175  16:38  Zergling x4  
  175  16:39  Zergling x6  
  184  16:41  Baneling x3  
  184  16:42  Baneling  
  184  16:43  Baneling x2  
  184  16:48  Corruptor  
  174  16:57  Zergling x10  
  174  16:58  Zergling x2  
  168  17:10  Ultralisk, Corruptor  
  176  17:22  Spore Crawler  
  173  17:24  Spine Crawler  
  173  17:26  Spore Crawler  
  161  17:30  Corruptor  
  161  17:35  Hatchery  
Show
View Real Time Build Order
Export as new Build Order

Tuffy Zerg 

Build Orders:  

Get SALT Encoding   

Show
View Real Time Build Order
Export as new Build Order

ShuYi Zerg 

Build Orders:  

Get SALT Encoding   

Tags
 
Add a new tag
Caveats
  • Supply blocks, unpowered buildings, or Contaminate may cause inaccurate times.
  • Supply counts are checked every 10 seconds.